 Dungeon Crawl Stone Soup version 0.30.1-4-g462c640d31 (webtiles) character file.

Game seed: 3773824135774621573

4 hypnoticbox30 the Grave Robber (level 1, 0/14 HPs)
             Began as a Ghoul Necromancer on Sept 3, 2023.
             Killed from afar by a dart slug (4 damage)
             ... with a slug dart
             ... on level 1 of the Dungeon.
             The game lasted 00:03:58 (89 turns).

hypnoticbox30 the Grave Robber (Ghoul Necromancer)    Turns: 89, Time: 00:03:58

Health: 0/14       AC:  2    Str: 11    XL:     1   Next: 60%
Magic:  2/2        EV: 12    Int: 10    God:
Gold:   10         SH:  0    Dex:  9    Spells: 2/3 levels left

rFire   . . .        d - +0 sling
rCold   + . .        (no shield)
rNeg    + + +        a - +0 robe
rPois   ∞            (no helmet)
rElec   .            (no cloak)
rCorr   .            (no gloves)
SInv    .            (no boots)
Will    .....        (no amulet)
Stlth   ++           (no ring)
HPRegen 0.00/turn    (no ring)
MPRegen 0.08/turn

%: no passive effects
@: inhibited regen
A: claws 1, cold resistance 1, negative energy resistance 3, inhibited
regeneration, torment resistance 2, devour on kill
a: no special abilities


You were on level 1 of the Dungeon.
You visited 1 branch of the dungeon, and saw 1 of its levels.

You collected 10 gold pieces.

Inventory:

Hand Weapons
 d - a +0 sling (weapon)
 e - a +0 dagger
Armour
 a - a +0 robe (worn)
Scrolls
 c - a scroll of blinking {unknown}
 f - a scroll of teleportation {unknown}
Potions
 b - a potion of magic


   Skills:
 + Level 1.9 Dodging
 + Level 2.2 Stealth
 + Level 1.8 Spellcasting
 + Level 4.1 Necromancy


You had 2 spell levels left.
You knew the following spells:

 Your Spells              Type           Power      Damage    Failure   Level
a - Necrotise             Necr           36%        1d5       6%          1

Your spell library contained the following spells:

 Spells                   Type           Power      Damage    Failure   Level
 Vampiric Draining        Necr           9%         2d6       19%         3
 Animate Dead             Necr           9%         N/A       52%         4
 Agony                    Necr           9%         N/A       86%         5


Dungeon Overview and Level Annotations

Branches:
Dungeon (1/15)

Altars:

Shops:
D:1 [


Innate Abilities, Weirdness & Mutations

You are immune to poison.
You have sharp fingernails.
Your flesh is cold resistant. (rC+)
You are immune to negative energy. (rN+++)
You do not regenerate when monsters are visible.
You are immune to unholy pain and torment.
You thrive by killing the living.


Message History

You kill the bat!
You see here a bat corpse.
You swap places.
Your magical contamination has completely faded away.
You see here a bat corpse.
You see here a +0 dagger.
You see here a bat corpse.
You see here a +0 dagger.
e - a +0 dagger You see here a bat corpse.
There are no objects that can be picked up here. a bat corpse You see here a bat corpse.
A dart slug comes into view.
You swap places.
You see here a bat corpse.
A goblin comes into view. It is wielding a +0 dagger.
The goblin shouts!
The dart slug launches a dart at you. The slug dart misses you.
A giant cockroach comes into view.
The goblin hits you with a +0 dagger.
You see here a scroll labelled VUATIN PAD.
f - a scroll labelled VUATIN PAD The dart slug launches a dart at you.
The slug dart hits you. The goblin barely misses you.
The goblin attacks as you move away! The goblin misses you.
Your kobold skeleton barely misses the goblin.
The dart slug launches a dart at you. The slug dart misses you.
Fire: d) +0 sling
Press: ? - help, Q - select action, (/) - cycle Shift-Dir - straight line, f - goblin
Aim: a goblin, wielding a +0 dagger (37% to hit)
You shoot a sling bullet.
The sling bullet barely misses the goblin.
The goblin hits you with a +0 dagger.
* * * LOW HITPOINT WARNING * * *
The dart slug launches a dart at you. The slug dart hits you.
You die...

###### ..... .... #.
.... ##. +##.#.. #..
+...#.####
#..+++.#.#..#.##
#.....†#..@B...#.#
#....†.###g.......
####......#...Zw.#...
#.........#.###### #
#.####......# #.#
###....# ##.# ###..#
###..### #..#
.......# #..#


You could see a dart slug (ally target), a giant cockroach, a goblin and a
friendly kobold skeleton.

Vanquished Creatures
  A hobgoblin (D:1)
  A kobold (D:1)
  2 bats (D:1)
4 creatures vanquished.

Notes
Turn   | Place    | Note
-------+----------+-------------------------------------------
     0 | D:1      | hypnoticbox30 the Ghoul Necromancer began the quest for the
                  | Orb.
     0 | D:1      | Reached XP level 1. HP: 14/14 MP: 2/2
    16 | D:1      | Found Cupset's Antique Armour Shop.
    89 | D:1      | Killed from afar by a dart slug

Illustrated notes

Levels and vault maps discovered:
D:1:      dpeg_arrival_windows_large_door, layout_rooms, serial_shops, shop,
          shop, nicolae_shop_tiny_real_fake_doors,
          nicolae_shop_just_a_little_nook, shop, nicolae_figureground_pulse

Action                     || total
---------------------------++-------
  Melee: Unarmed           ||     2
   Fire: Sling             ||     8
   Cast: Necrotise         ||     3
 Armour: Robe              ||    13
  Dodge: Dodged            ||    23
